 Dungeon Crawl Stone Soup version 0.23-a0-819-g6debee6 (webtiles) character file.

8554 Fliddo the Spear-Bearer (level 11, 0/90 HPs)
             Began as a Merfolk Gladiator on Jan 22, 2019.
             Was the Champion of the Shining One.
             Hit by a large rock thrown by a cyclops (22 damage)
             ... on level 11 of the Dungeon.
             The game lasted 00:57:07 (9430 turns).

Fliddo the Spear-Bearer (Merfolk Gladiator)         Turns: 9430, Time: 00:57:07

Health: 0/90       AC: 12    Str: 18    XL:     11   Next: 32%
Magic:  16/16      EV: 16    Int:  8    God:    the Shining One [******]
Gold:   133        SH:  0    Dex: 13    Spells: 10/10 levels left

rFire    . . .     SeeInvis .   B - +5 glaive of Anxiety {flame, +Blink rElec Dex-2}
rCold    . . .     Gourm    .   (shield currently unavailable)
rNeg     + + +     Faith    .   i - +0 ring mail
rPois    .         Spirit   .   c - +0 helmet
rElec    +         Reflect  .   k - +0 cloak
rCorr    .         Harm     .   s - +0 pair of gloves
MR       +....                  (no boots)
Stlth    +.........             (no amulet)
HPRegen  0.25/turn              p - +3 ring of protection
MPRegen  0.15/turn              o - ring of protection from magic

@: glowing
A: change form in water, swift swim, stealthy swim
a: Divine Shield, Cleansing Flame, Summon Divine Warrior, Brand Weapon With Holy
Wrath, Renounce Religion, Evoke Blink


You were on level 11 of the Dungeon.
You worshipped the Shining One.
The Shining One was exalted by your worship.
You were not hungry.

You visited 1 branch of the dungeon, and saw 11 of its levels.
You also visited: Ossuary.

You collected 697 gold pieces.
You spent 564 gold pieces at shops.

Inventory:

Hand Weapons
 w - a +1 trident of protection
 B - the +5 glaive of Anxiety (weapon) {flame, +Blink rElec Dex-2}
   (You bought it in a shop on level 8 of the Dungeon)

   It has been specially enchanted to burn those struck by it, causing extra
   injury to most foes and up to half again as much damage against particularly
   susceptible opponents.
   Big, fiery blades are also staple armaments of hydra-hunters.
   It affects your dexterity (-2).
   It insulates you from electricity.
   It lets you blink.
Missiles
 d - 2 throwing nets (quivered)
Armour
 c - a +0 helmet (worn)
 i - a +0 ring mail (worn)
 k - a +0 cloak (worn)
 s - a +0 pair of gloves (worn)
Jewellery
 o - a ring of protection from magic (right hand)
 p - a +3 ring of protection (left hand)
 r - a cursed +3 ring of evasion {unknown}
Wands
 u - a wand of digging (4)
Scrolls
 j - 7 scrolls of remove curse
 l - 4 scrolls of amnesia
 m - 3 scrolls of fear
 y - a scroll of silence {unknown}
Potions
 b - 2 potions of brilliance
 e - 4 potions of curing
 g - 2 potions of flight {unknown}
 h - a potion of lignification {unknown}
 n - 3 potions of ambrosia {unknown}
 q - 3 potions of heal wounds {unknown}
 t - 2 potions of magic {unknown}
 v - a potion of haste {unknown}
 x - a potion of degeneration {unknown}
 z - 2 potions of might {unknown}
 A - a potion of berserk rage {unknown}
Comestibles
 f - 18 rations


   Skills:
 + Level 9.9 Fighting
 + Level 12.7 Polearms
 - Level 2.0 Throwing
 + Level 5.3 Armour
 - Level 10.3 Dodging
 + Level 7.0 Invocations


You had 10 spell levels left.
You didn't know any spells.
Your spell library was empty.

Dungeon Overview and Level Annotations

Branches:
Dungeon (11/15)            Temple (0/1) D:6
   Lair: D:8-11         Orc: D:9-12

Altars:
Elyvilon
Fedhas
Gozag
Nemelex Xobeh
Qazlal
Xom
Yredelemnul
The Shining One

Shops:
D:6 =   D:8 (   D:9 **

Portals:
Bailey: D:9


Message History

Harold groans, "My... family..." and then collapses, dead.
Your Invocations skill increases to level 7!
You are too injured to fight recklessly!
You are too injured to fight recklessly!
You hit the cyclops. You burn the cyclops.
The cyclops is lightly wounded.
The cyclops hits you!!
* * * LOW HITPOINT WARNING * * *
There is an open door, spattered with blood here.
Things that are here:
a +0 glaive; a +0 chain mail; the human corpse of Harold Evoke which item? (* to show all) (? for menu, Esc to quit)
Attack whom?
Press: ? - help, Dir - move target cursor, f - cyclops
Aim: a cyclops (lightly wounded, haloed)
You reach to attack!
You slice the cyclops!! You burn the cyclops.
The cyclops is severely wounded.
The shadow imp spits at you.
The cyclops throws a large rock.
The large rock hits you!!
You die...

####+####
#.......#
...####.......#
...'..'5......+
...####C..(...#
##'###### #@###
#...# #####.###
#.......#
#.......#
#Y......#
.........#
..#........# .
##).......


You could see a cyclops and a shadow imp.

Vanquished Creatures
  Harold (D:11)
  A two-headed ogre (D:10)
  An unseen horror (D:10)
  Pikel (D:4)
  A troll (D:11)
  A hippogriff (D:9)
  Sigmund (D:5)
  2 wyverns (D:10)
  2 hungry ghosts (D:9)
  Menkaure (D:7)
  Duvessa (D:7)
  4 orc warriors
  2 ice beasts
  A sky beast (D:11)
  A black bear (D:7)
  2 ogres (D:7)
  3 phantoms
  4 centaurs
  2 crocodiles (D:10)
  Blork the orc (D:4)
  2 bullfrogs
  A wyvern skeleton (D:8)
  Dowan (D:7)
  A water moccasin zombie (D:10)
  6 scorpions
  12 killer bees
  5 howler monkeys
  6 wights (D:9)
  A crimson imp (D:7)
  A centaur zombie (D:5)
  4 jellies
  7 orc priests
  7 hounds
  A bullfrog skeleton (D:10)
  4 centaur skeletons
  2 iguanas
  3 worker ants
  10 orc wizards
  A hound zombie (D:8)
  4 mummies (Ossuary)
  12 adders
  A shadow imp (D:7)
  An ooze (D:4)
  2 adder zombies
  3 worms
  4 leopard geckos
  33 orcs
  10 bats
  8 giant cockroaches
  4 gnoll zombies (Ossuary)
  10 hobgoblins
  10 jackals
  4 quokkas
  3 ball pythons
  3 frilled lizards
  3 gnoll skeletons (Ossuary)
  8 goblins
  5 goblin skeletons (Ossuary)
  4 goblin zombies (Ossuary)
  4 hobgoblin skeletons (Ossuary)
  3 hobgoblin zombies (Ossuary)
  8 kobolds
  4 kobold skeletons (Ossuary)
  5 kobold zombies (Ossuary)
  3 orc skeletons (Ossuary)
  5 orc zombies (Ossuary)
  A quokka skeleton (D:6)
  7 rats
  5 rat skeletons (Ossuary)
  4 rat zombies (Ossuary)
  A bush (D:8)
290 creatures vanquished.

Vanquished Creatures (others)
  A slave (D:4)
  A phantom (D:4)
  A quokka (D:4)
  A rat skeleton (Ossuary)
4 creatures vanquished.

Grand Total: 294 creatures vanquished

Notes
Turn   | Place    | Note
-------+----------+-------------------------------------------
     0 | D:1      | Fliddo the Merfolk Gladiator began the quest for the Orb.
     0 | D:1      | Reached XP level 1. HP: 16/16 MP: 1/1
    47 | D:1      | Reached XP level 2. HP: 19/23 MP: 2/2
   520 | D:2      | Reached XP level 3. HP: 28/28 MP: 3/3
   536 | D:2      | Reached skill level 5 in Polearms
   894 | D:2      | Reached XP level 4. HP: 35/35 MP: 4/4
   910 | D:2      | Found a glowing golden altar of the Shining One.
   921 | D:2      | Became a worshipper of the Shining One
   982 | D:2      | Found an opulent altar of Gozag.
  1068 | D:2      | Reached skill level 5 in Dodging
  1529 | D:3      | Reached XP level 5. HP: 41/41 MP: 5/5
  1600 | D:3      | Found a sparkling altar of Nemelex Xobeh.
  1747 | D:3      | Reached skill level 6 in Polearms
  2282 | D:4      | Reached XP level 6. HP: 48/48 MP: 6/6
  2575 | D:4      | Noticed a slave
  2575 | D:4      | Noticed a slave
  2575 | D:4      | Noticed Pikel
  2575 | D:4      | Noticed a slave
  2575 | D:4      | Noticed a slave
  2608 | D:4      | Killed Pikel
  2608 | D:4      | Reached skill level 5 in Fighting
  2608 | D:4      | Reached skill level 8 in Polearms
  2608 | D:4      | Reached XP level 7. HP: 19/57 MP: 7/7
  2824 | D:4      | Noticed Blork the orc
  2846 | D:4      | Killed Blork the orc
  3081 | D:4      | Found a white marble altar of Elyvilon.
  3357 | D:5      | Entered Level 5 of the Dungeon
  3369 | D:5      | Reached XP level 8. HP: 63/64 MP: 8/8
  3439 | D:5      | Found a blossoming altar of Fedhas.
  3566 | D:5      | Noticed Sigmund
  3583 | D:5      | Killed Sigmund
  3583 | D:5      | Reached skill level 1 in Armour
  3811 | D:5      | Reached skill level 9 in Polearms
  4058 | D:5      | Found a shimmering altar of Xom.
  4320 | D:6      | Reached * piety under the Shining One
  4515 | D:6      | Found Ohiehoex's Jewellery Emporium.
  4524 | D:6      | Bought a +3 ring of protection for 231 gold pieces
  4912 | D:6      | Found a staircase to the Ecumenical Temple.
  5237 | D:7      | Reached skill level 1 in Invocations
  5237 | D:7      | Reached XP level 9. HP: 68/72 MP: 9/9
  5312 | D:7      | Noticed Menkaure
  5322 | D:7      | Killed Menkaure
  5322 | D:7      | Reached skill level 10 in Polearms
  5642 | D:7      | Noticed Duvessa
  5644 | D:7      | Noticed Dowan
  5666 | D:7      | Killed Duvessa
  5671 | D:7      | Killed Dowan
  6246 | D:8      | Reached ** piety under the Shining One
  6410 | D:8      | Found a stormy altar of Qazlal.
  6434 | D:8      | Found a sand-covered staircase.
  6442 | Ossuary  | Entered an ossuary
  6471 | Ossuary  | Reached *** piety under the Shining One
  6547 | Ossuary  | Reached **** piety under the Shining One
  6718 | Ossuary  | Reached ***** piety under the Shining One
  6970 | D:8      | Reached skill level 10 in Dodging
  7002 | D:8      | Found Wachaliu's Antique Weapon Emporium.
  7015 | D:8      | Reached XP level 10. HP: 19/80 MP: 11/13
  7279 | D:8      | Reached skill level 11 in Polearms
  7619 | D:8      | Bought an ichor-stained glaive for 333 gold pieces
  7619 | D:8      | Identified the +5 glaive of Anxiety {flame, +Blink rElec
                  | Dex-2} (You bought it in a shop on level 8 of the Dungeon)
  7673 | D:9      | Found Cuurirph's General Store.
  7768 | D:9      | Found a basalt altar of Yredelemnul.
  7819 | D:9      | Reached skill level 5 in Invocations
  7837 | D:9      | Found a flagged portal.
  7860 | D:9      | Reached ****** piety under the Shining One
  8072 | D:9      | Found Tunieh's Changing Room.
  8324 | D:10     | Entered Level 10 of the Dungeon
  8358 | D:10     | Noticed a two-headed ogre
  8368 | D:10     | Killed a two-headed ogre
  8368 | D:10     | Reached skill level 12 in Polearms
  8679 | D:10     | Noticed an unseen horror
  8683 | D:10     | Killed an unseen horror
  8683 | D:10     | Reached XP level 11. HP: 86/89 MP: 15/15
  8812 | D:10     | Reached skill level 5 in Armour
  9133 | D:11     | Noticed Harold
  9153 | D:11     | Noticed a cyclops
  9425 | D:11     | Killed Harold
  9430 | D:11     | Hit by a large rock thrown by a cyclops

Vault maps used:
D:1:      ncdulo_watergridlock, st_stairs_1
D:2:      nicolae_gozag_cash_rules_everything_around_me,
          nicolae_tso_carved_into_rock
D:3:      nemelex_xobeh_ov_fountains_minmay
D:4:      elyvilon_altar_4, first_ration, uniq_pikel, uniq_blork_the_orc
D:5:      nicolae_overflow_hidden_temple, lemuel_coloured_pillars_altar,
          palyth_stone_intersect, uniq_sigmund
D:6:      minmay_temple_entry_slanted, serial_shops, nicolae_shop_trees
D:7:      grunt_ogre_cave, uniq_duvessa, uniq_menkaure
D:8:      nicolae_qazlal_eye_of_the_storm, nicolae_ossuary_entry_monument,
          serial_shops, shop_coins, kb_lookout_dungeons_type, fountainhead,
          st_stairs_8
D:9:      lemuel_doored_altar, serial_shops, nicolae_shop_behind_doors,
          enter_bailey_2, nicolae_transmutations_shop
D:11:     david_lair_generic, serial_undead, serial_undead_c, serial_undead_e,
          serial_undead_b, serial_undead_d, serial_undead_a, serial_undead_a,
          hangedman_abyss_or_decor_lesser_grid, dk_noncrumbling_4, uniq_harold,
          uniq_fannar
Ossuary:  ossuary_due_pyramid

Skill      XL: |  1  2  3  4  5  6  7  8  9 10 11 |
---------------+----------------------------------+-----
Polearms       | 5 6 8 9 10 12 | 12.7
Fighting       | 3 4 5 6 7 8 9 |  9.9
Dodging        | 5 7 8 10 | 10.3
Armour         | 2 3 4 5 |  5.3
Invocations    | 1 4 6 7 |  7.0
Throwing       | |  2.0

Action                   |  1- 3 |  4- 6 |  7- 9 | 10-12 || total
-------------------------+-------+-------+-------+-------++-------
Melee: Trident           |   111 |   226 |   543 |    66 ||   946
       Glaive            |       |       |       |   141 ||   141
       Tailslap          |       |       |       |     2 ||     2
Throw: Throwing net      |     1 |     2 |     5 |     1 ||     9
  Use: Potion            |       |     4 |     2 |       ||     6
       Scroll            |       |     8 |     4 |     3 ||    15
 Stab: Sleeping          |     1 |       |       |       ||     1
  Eat: Chunk             |       |     6 |    12 |     2 ||    20
       Ration            |       |       |     1 |     2 ||     3
Armor: Leather armour    |    17 |       |       |       ||    17
       Ring mail         |    12 |    60 |    66 |    38 ||   176
Dodge: Dodged            |    42 |   116 |   152 |   115 ||   425

Table legend:
 A = Non-vault XP
 B = Vault XP
 C = Vault XP percentage of total XP
 D = Non-vault monster count
 E = Vault monster count
 F = Vault count percentage of total count
                 A         B        C        D         E       F
            +---------+---------+-------+---------+---------+-------
      Total |    9493 |    2727 |  22.3 |     224 |      60 |  21.1
            +---------+---------+-------+---------+---------+-------
        D:1 |      29 |       4 |  12.1 |      18 |       2 |  10.0
        D:2 |      94 |       0 |   0.0 |      25 |       0 |   0.0
        D:3 |      89 |       0 |   0.0 |      34 |       0 |   0.0
        D:4 |     280 |     669 |  70.5 |      12 |       2 |  14.3
        D:5 |     294 |     227 |  43.6 |       9 |       1 |  10.0
        D:6 |     487 |       0 |   0.0 |      12 |       0 |   0.0
        D:7 |    1010 |     513 |  33.7 |      26 |       4 |  13.3
        D:8 |    1320 |     203 |  13.3 |      38 |       2 |   5.0
        D:9 |    2140 |       0 |   0.0 |      29 |       0 |   0.0
       D:10 |    3321 |       0 |   0.0 |      19 |       0 |   0.0
       D:11 |     429 |     992 |  69.8 |       2 |       1 |  33.3
    Ossuary |       0 |     119 | 100.0 |       0 |      48 | 100.0
            +---------+---------+-------+---------+---------+-------
